 Dungeon Crawl Stone Soup version 0.19.1-28-ge1247f7 (webtiles) character file.

198 dngmouse the Cudgeler (level 5, 0/46 HPs)
             Began as a Minotaur Fighter on Jan 21, 2017.
             Slain by a gnoll
             ... wielding a +0 halberd
              (4 damage)
             ... on level 3 of the Dungeon.
             The game lasted 00:05:37 (2160 turns).

dngmouse the Cudgeler (Minotaur Fighter)            Turns: 2160, Time: 00:05:38

Health: 0/46       AC: 13    Str: 26    XL:     5   Next: 47%
Magic:  4/4        EV:  6    Int:  5    God:
Gold:   138        SH: 10    Dex: 10    Spells: 0 memorised, 4 levels left

rFire  . . .     SeeInvis .     a - +0 flail
rCold  . . .     Gourm    .     v - +0 chain mail
rNeg   . . .     Faith    .     c - +0 shield
rPois  .         Spirit   .     (helmet restricted)
rElec  .         Reflect  .     i - +2 cloak {MR+}
rCorr  +         Harm     .     (no gloves)
MR     +....                    l - +0 pair of boots
Stlth  ..........               (no amulet)
                                (no ring)
                                b - ring of resist corrosion

@: mighty
A: retaliatory headbutt, horns 2
a: no special abilities


You were on level 3 of the Dungeon.
You were not hungry.

You visited 1 branch of the dungeon, and saw 4 of its levels.

You collected 138 gold pieces.

Inventory:

Hand Weapons
 a - a +0 flail (weapon)
Armour
 c - a +0 shield (worn)
 i - a +2 cloak of magic resistance (worn)
 l - a +0 pair of boots (worn)
 v - a +0 chain mail (worn)
Jewellery
 b - a ring of resist corrosion (left hand)
Scrolls
 e - a scroll of amnesia {unknown}
 g - a scroll of magic mapping {unknown}
 j - 5 scrolls of identify {unknown}
 k - a scroll of enchant armour {unknown}
 m - a scroll of remove curse {unknown}
 p - a scroll of blinking {unknown}
 q - a scroll of fog {unknown}
 r - 2 scrolls of teleportation {unknown}
Potions
 o - a potion of cure mutation {unknown}
 t - 3 potions of degeneration {unknown}
Comestibles
 f - 2 bread rations
 h - a slice of pizza
 n - 2 meat rations
 s - 2 chunks of flesh
 u - 4 fruits


   Skills:
 - Level 4.0 Fighting
 * Level 6.8 Maces & Flails
 - Level 3.6 Armour
 - Level 3.6 Shields


You had 4 spell levels left.
You didn't know any spells.

Dungeon Overview and Level Annotations

Branches:
Dungeon (4/15)
 Temple: D:4-7

Altars:


Innate Abilities, Weirdness & Mutations

You reflexively headbutt those who attack you in melee.
You have a pair of horns on your head.


Message History

The leopard gecko bites you but does no damage.
You feel very mighty all of a sudden. The gnoll closely misses you.
You furiously retaliate!
You headbutt the gnoll!
You kill the gnoll!
The gnoll hits you with a halberd.
* * * LOW HITPOINT WARNING * * *
The gnoll shaman calls upon its god to speed up the gnoll.
The gnoll seems to speed up.
The gnoll hits you with a spear.
* * * LOW HITPOINT WARNING * * *
You block the leopard gecko's attack.
You hit the gnoll shaman. You headbutt the gnoll shaman.
You kill the gnoll shaman!
The gnoll hits you with a halberd.
* * * LOW HITPOINT WARNING * * *
You block the leopard gecko's attack. The gnoll hits you but does no damage.
You sock the gnoll!
You kill the gnoll!
The gnoll hits you but does no damage. The leopard gecko barely misses you.
The gnoll hits you with a halberd.
You die...

##.### #.####.##..### #...#####
#.#..........#
####...(..[###.#.##.##.##.#######
#......###..(....##.##.##........
#.#.#### #####.........##..#...#.
#.....# ##.###)#####....#.#.
###.#.# #...##.#####.##...#.
###.#.# #.)g##<)........<###
....#.### #.)@#######.####.#
#.......# #.)l# #.####.###
#.###.#.## #...# #..#......
.).......#####...#######.#..#.##.
#..#..#..................##.#.##.
#..#..............)..............
#..#.##.................#.#.##.#.
#........#####...#######....##.#.
####.##### #...# ##........


You could see a gnoll and a leopard gecko.

Vanquished Creatures
  A gnoll shaman (D:3)
  Jessica (D:3)
  Robin (D:2)
  4 gnolls
  3 adders
  An ooze (D:1)
  3 leopard geckos
  An orc (D:3)
  3 bats
  4 giant cockroaches
  14 goblins
  8 hobgoblins
  2 jackals (D:2)
  3 quokkas (D:3)
  2 frilled lizards
  6 kobolds
  3 rats
60 creatures vanquished.

Notes
Turn   | Place    | Note
-------+----------+-------------------------------------------
     0 | D:1      | dngmouse the Minotaur Fighter began the quest for the Orb.
     0 | D:1      | Reached XP level 1. HP: 19/19 MP: 0/0
   529 | D:1      | Reached skill level 3 in Maces & Flails
   529 | D:1      | Reached XP level 2. HP: 27/27 MP: 1/1
   963 | D:2      | Noticed Robin
   986 | D:2      | Reached XP level 3. HP: 29/33 MP: 2/2
   994 | D:2      | Reached skill level 4 in Maces & Flails
  1001 | D:2      | Killed Robin
  1087 | D:2      | Reached XP level 4. HP: 35/40 MP: 3/3
  1153 | D:2      | Reached skill level 5 in Maces & Flails
  1685 | D:3      | Noticed Jessica
  1691 | D:3      | Killed Jessica
  2043 | D:4      | Reached skill level 6 in Maces & Flails
  2043 | D:4      | Reached XP level 5. HP: 41/46 MP: 4/4
  2160 | D:3      | Slain by a gnoll

Skill      XL: |  1  2  3  4 |
---------------+-------------+-----
Maces & Flails | 3 4 6 |  6.8
Fighting       | 4 |  4.0
Armour         | |  3.6
Shields        | |  3.6

Action                   |  1- 3 |  4- 6 || total
-------------------------+-------+-------++-------
Melee: Flail             |    96 |    58 ||   154
       Headbutt          |    14 |     9 ||    23
  Use: Potion            |       |     1 ||     1
  Eat: Chunk             |     1 |     3 ||     4
Armor: Scale mail        |    45 |     6 ||    51
       Chain mail        |       |    37 ||    37
       Plate armour      |       |     1 ||     1
Dodge: Dodged            |    23 |    17 ||    40
Block: Shield            |    42 |    34 ||    76
